 Dungeon Crawl Stone Soup version 0.17.1-3-g152610e (webtiles) character file.

282 ololoev the Chopper (level 6, 43/47 HPs)
             Began as a Demonspawn Fighter on Feb 17, 2016.
             Quit the game on level 4 of the Dungeon.
             The game lasted 00:04:46 (755 turns).

ololoev the Chopper (Demonspawn Fighter)             Turns: 755, Time: 00:04:46

Health: 43/47      AC:  9    Str: 18    XL:     6   Next: 6%
Magic:  6/6        EV:  4    Int:  9    God:
Gold:   72         SH: 11    Dex: 13    Spells: 0 memorised, 5 levels left

rFire  . . .     SeeInvis .     a - +0 war axe
rCold  . . .     Clarity  .     u - -2 chain mail (curse)
rNeg   . . .     SustAt   .     c - +0 shield
rPois  +         Gourm    .     (no helmet)
rElec  .         Spirit   .     (no cloak)
rCorr  .         Warding  .     (no gloves)
rMut   .         Stasis   .     (no boots)
MR     .....                    (no amulet)
Stlth  ..........               (no ring)
                                r - ring of poison resistance

@: not resistant to hostile enchantments, extremely unstealthy
A: large bone plates 1, demonic guardian 1, powered by pain 1
a: no special abilities


Innate Abilities, Weirdness & Mutations

You are partially covered in large bone plates (AC +2, SH +2).
A weak demonic guardian rushes to your aid.
You sometimes gain a little power by taking damage.

Inventory:

Hand Weapons
 a - a +0 war axe (weapon)
Armour
 c - a +0 shield (worn)
 u - a cursed -2 chain mail (worn)
Jewellery
 r - a ring of poison resistance (left hand)
Wands
 b - a wand of paralysis (9)
 o - a wand of magic darts (13)
Scrolls
 d - 2 scrolls of remove curse {unknown}
 f - a scroll of fear {unknown}
 k - a scroll of identify {unknown}
 l - 2 scrolls of amnesia {unknown}
 p - a scroll of recharging {unknown}
 q - a scroll of random uselessness {unknown}
 t - a scroll of enchant weapon {unknown}
Potions
 h - a potion of poison {unknown}
 i - a potion of brilliance {unknown}
 j - a potion of mutation {unknown}
 s - a potion of might
 v - a potion of lignification {unknown}
Comestibles
 e - a bread ration
 g - a beef jerky
 m - 2 meat rations
 n - a royal jelly
 w - 3 chunks of flesh


   Skills:
 - Level 3.0 Fighting
 * Level 4.8 Axes
 + Level 4.1 Armour
 - Level 2.6 Shields
 + Level 0.6 Evocations


You had 5 spell levels left.
You didn't know any spells.


You were on level 4 of the Dungeon.
You were not hungry.

You visited 1 branch of the dungeon, and saw 5 of its levels.

You collected 72 gold pieces.

.#######.#.###.####
#............#........
#.#.##########.##.####
#.# #.# #.# #.# ##.##
#.# ##...## #.#
#####.....#####.# #.#
#.........).@...# #<#
#.###......###### #.#
##.....# #.# ##.#..#
#.# #.#..# #.# #.#..#
#.# #.#..### #.#
#.#....# #.# #...#.#.#

Notes
Turn   | Place    | Note
--------------------------------------------------------------
     0 | D:1      | ololoev the Demonspawn Fighter began the quest for the Orb.
     0 | D:1      | Reached XP level 1. HP: 18/18 MP: 1/1
   129 | D:1      | Gained mutation: A weak demonic guardian rushes to your aid. [demonic ancestry]
   129 | D:1      | Reached XP level 2. HP: 17/24 MP: 2/2
   214 | D:2      | Noticed Ijyb
   223 | D:2      | Killed Ijyb
   223 | D:2      | Reached XP level 3. HP: 29/29 MP: 3/3
   269 | D:2      | Found a shadowy altar of Dithmenos.
   334 | D:3      | Noticed an ogre
   342 | D:3      | Killed an ogre
   342 | D:3      | Reached XP level 4. HP: 35/35 MP: 4/4
   466 | D:5      | Entered Level 5 of the Dungeon
   472 | D:5      | Reached skill level 4 in Axes
   472 | D:5      | Gained mutation: You are partially covered in large bone plates (AC +2, SH +2). [demonic ancestry]
   472 | D:5      | Reached XP level 5. HP: 22/41 MP: 5/5
   521 | D:4      | Noticed an ogre
   534 | D:4      | Killed an ogre
   636 | D:4      | Noticed an ogre
   657 | D:4      | Killed an ogre
   747 | D:4      | Gained mutation: You sometimes gain a little power by taking damage. [demonic ancestry]
   747 | D:4      | Reached XP level 6. HP: 42/47 MP: 6/6
   755 | D:4      | Quit the game

Dungeon Overview and Level Annotations

Branches:
Dungeon (5/15)
 Temple: D:4-7

Altars:
Dithmenos


Message History

Your ufetubus hits the orc wizard. The orc wizard casts a spell at you.
The puff of frost hits your ufetubus.
Your ufetubus resists.
Your ufetubus hits the orc wizard.
Your ufetubus hits the orc wizard but does no damage.
Your ufetubus misses the orc wizard. x2
The orc wizard gestures at you while chanting.
The puff of flame hits your ufetubus.
Your ufetubus is burned terribly!
Your ufetubus dies!
Unknown command.
The orc wizard hits you but does no damage.
You closely miss the orc wizard.
The orc wizard is severely wounded.
The orc wizard gestures at you while chanting.
The magic dart hits you!
Your shield and chain mail prevent you from hitting the orc wizard.
The orc wizard is severely wounded.
You block the orc wizard's attack.
You slash the orc wizard!
You kill the orc wizard!
You have reached level 6!
Your experience leads to an increase in your attributes!
Increase (S)trength, (I)ntelligence, or (D)exterity?
You feel stronger.
Your demonic ancestry asserts itself...
You feel energised by your suffering.
You hit the orc but do no damage. You block the orc's attack.
You barely miss the orc. The orc hits you but does no damage.
You hit the orc but do no damage. The orc hits you but does no damage.
You block the orc's attack.
You slash the orc!
You kill the orc!
The orc barely misses you.
You hit the orc but do no damage. You block the orc's attack.
You slash the orc!
You kill the orc!
Items here: ))) [ † a flail; a club; a dagger; a robe; an orc corpse Are you sure you want to abandon this character and quit the game? (Confirm with "yes".)

There were no monsters in sight!

Vanquished Creatures
  An ogre (D:4)
  A water moccasin skeleton (D:5)
  An orc wizard (D:4)
  Ijyb (D:2)
  A worker ant (D:4)
  An adder (D:3)
  12 orcs
  A bat (D:2)
  A giant cockroach (D:1)
  3 goblins
  4 hobgoblins (D:1)
  A giant newt (D:2)
  A kobold (D:3)
  4 rats
33 creatures vanquished.

Vanquished Creatures (collateral kills)
  2 ogres
  An orc (D:4)
3 creatures vanquished.

Grand Total: 36 creatures vanquished

Action                   |  1- 3 |  4- 6 || total
-------------------------+-------+-------++-------
Melee: War axe           |    41 |    49 ||    90
Evoke: Wand              |       |     1 ||     1
  Use: Potion            |       |     1 ||     1
 Stab: Paralysed         |       |     6 ||     6

Vault maps used:
D:1:      saegor_arrival_simple_c
D:2:      first_bread, grunt_dithmenos_smoke_and_mirrors, uniq_iyjb
D:5:      uniq_eustachio
